| TOP OF THE 1ST |
|
St. Louis Cardinals batting - Pitching for New York Yankees : RHP Mark Clark
|
|
Pitching: RHP Mark Clark
|
|
|
Batting: SHB Gerald Young
|
0-0: DOUBLE (Groundball, 5L, EV 100.6 MPH)
|
|
Batting: SHB Jorge Posada
|
0-0: Ground out 1-3 (Groundball, 13S, EV 68.1 MPH) Gerald Young to third
|
|
Batting: LHB Brian S Giles
|
0-0: Called Strike 0-1: Foul Ball, location: 2F 0-2: Strikes out swinging
|
|
Batting: RHB Ivan Calderon
|
0-0: Ball 1-0: Foul Ball, location: 2F 1-1: Ground out 5-3 (Groundball, 56S, EV 82.5 MPH)
|
| Top of the 1st over - 0 runs, 1 hit, 0 errors, 1 left on base; St. Louis 0 - New York 0 |
| BOTTOM OF THE 1ST |
|
New York Yankees batting - Pitching for St. Louis Cardinals : RHP Francisco Cordova
|
|
Pitching: RHP Francisco Cordova
|
|
|
Batting: RHB Orlando Cabrera
|
0-0: Ball 1-0: Fly out, F9 (Line Drive, 9D, EV 85.6 MPH)
|
|
Batting: LHB Bobby Abreu
|
0-0: Swinging Strike 0-1: Ball 1-1: Ground out 4-3 (Groundball, 4S, EV 81.9 MPH)
|
|
Batting: RHB Mike Lieberthal
|
0-0: Ball 1-0: SINGLE (Flyball, 89S, EV 88.1 MPH)
|
|
Batting: RHB Kazuhiro Kiyohara
|
0-0: Ball 1-0: Swinging Strike 1-1: Ball 2-1: Called Strike 2-2: Strikes out swinging
|
| Bottom of the 1st over - 0 runs, 1 hit, 0 errors, 1 left on base; St. Louis 0 - New York 0 |
| TOP OF THE 2ND |
|
St. Louis Cardinals batting - Pitching for New York Yankees : RHP Mark Clark
|
|
Batting: LHB Karim Garcia
|
0-0: Called Strike 0-1: Ball 1-1: Called Strike 1-2: Ball 2-2: Foul Ball, location: 2F 2-2: Ground out 4-3 (Groundball, 4, EV 88.1 MPH)
|
|
Batting: RHB John Valentin
|
0-0: Called Strike 0-1: Swinging Strike 0-2: Ball 1-2: Foul Ball, location: 2F 1-2: DOUBLE (Flyball, 78XD, EV 115.0 MPH)
|
|
Batting: RHB Royce Clayton
|
0-0: Fly out, F7 (Flyball, 78D, EV 87.5 MPH)
|
|
Batting: RHB Dickie Thon
|
0-0: Called Strike 0-1: Ball 1-1: Called Strike 1-2: Strikes out looking
|
| Top of the 2nd over - 0 runs, 1 hit, 0 errors, 1 left on base; St. Louis 0 - New York 0 |
| BOTTOM OF THE 2ND |
|
New York Yankees batting - Pitching for St. Louis Cardinals : RHP Francisco Cordova
|
|
Batting: RHB Travis Fryman
|
0-0: Ball 1-0: Ball 2-0: Foul Ball, location: 2F 2-1: Ball 3-1: Ground out 6-3 (Groundball, 6, EV 92.5 MPH)
|
|
Batting: RHB Phil B. Clark
|
0-0: Called Strike 0-1: Fly out, F9 (Flyball, 9D, EV 88.8 MPH)
|
|
Batting: RHB Mike Gallego
|
0-0: Ground out 2-3 (Groundball, 2L, EV 66.3 MPH)
|
| Bottom of the 2nd over - 0 runs, 0 hits, 0 errors, 0 left on base; St. Louis 0 - New York 0 |
| TOP OF THE 3RD |
|
St. Louis Cardinals batting - Pitching for New York Yankees : RHP Mark Clark
|
|
Batting: SHB Stan Javier
|
0-0: Ball 1-0: Ball 2-0: Called Strike 2-1: Ball 3-1: DOUBLE (Groundball, 3L, EV 100.6 MPH)
|
|
Batting: SHB Gerald Young
|
0-0: Swinging Strike 0-1: Swinging Strike 0-2: Strikes out swinging
|
|
Batting: SHB Jorge Posada
|
0-0: Ball 1-0: Called Strike 1-1: Ball 2-1: Ground out U3 (Groundball, 3, EV 85.6 MPH) Stan Javier to third
|
|
Batting: LHB Brian S Giles
|
0-0: Ball 1-0: Ball 2-0: Swinging Strike 2-1: Ground out U3 (Groundball, 34, EV 82.5 MPH)
|
| Top of the 3rd over - 0 runs, 1 hit, 0 errors, 1 left on base; St. Louis 0 - New York 0 |
| BOTTOM OF THE 3RD |
|
New York Yankees batting - Pitching for St. Louis Cardinals : RHP Francisco Cordova
|
|
Batting: SHB Quinton McCracken
|
0-0: Ball 1-0: Ball 2-0: Called Strike 2-1: Foul Ball, location: 2F 2-2: Ball 3-2: Fly out, F9 (Line Drive, 9S, EV 91.3 MPH)
|
|
Batting: RHB Darren Lewis
|
0-0: Called Strike 0-1: Ball 1-1: Foul Ball, location: 2F 1-2: Fly out, F6 (Popup, 56, EV 66.9 MPH)
|
|
Batting: RHB Orlando Cabrera
|
0-0: DOUBLE (Flyball, 9LM, EV 93.8 MPH)
|
|
Batting: LHB Bobby Abreu
|
0-0: Ball 1-0: Called Strike 1-1: Ball 2-1: Foul Ball, location: 2F 2-2: Fly out, F8 (Flyball, 8LM, EV 87.5 MPH)
|
| Bottom of the 3rd over - 0 runs, 1 hit, 0 errors, 1 left on base; St. Louis 0 - New York 0 |
| TOP OF THE 4TH |
|
St. Louis Cardinals batting - Pitching for New York Yankees : RHP Mark Clark
|
|
Batting: RHB Ivan Calderon
|
0-0: Ball 1-0: Called Strike 1-1: Foul Ball, location: 2F 1-2: Ball 2-2: Strikes out swinging
|
|
Batting: LHB Karim Garcia
|
0-0: Called Strike 0-1: Fly out, F9 (Flyball, 89M, EV 88.1 MPH)
|
|
Batting: RHB John Valentin
|
0-0: Ball 1-0: Ball 2-0: Ball 3-0: Fly out, F8 (Flyball, 8RS, EV 80.0 MPH)
|
| Top of the 4th over - 0 runs, 0 hits, 0 errors, 0 left on base; St. Louis 0 - New York 0 |
| BOTTOM OF THE 4TH |
|
New York Yankees batting - Pitching for St. Louis Cardinals : RHP Francisco Cordova
|
|
Batting: RHB Mike Lieberthal
|
0-0: Called Strike 0-1: Called Strike 0-2: Ball 1-2: SOLO HOME RUN (Flyball, 78XD, EV 102.5 MPH), Distance : 421 ft
|
|
Batting: RHB Kazuhiro Kiyohara
|
0-0: Called Strike 0-1: SINGLE (Line Drive, 5D, EV 104.4 MPH)
|
|
Batting: RHB Travis Fryman
|
0-0: Called Strike 0-1: Called Strike 0-2: Ball 1-2: SINGLE (Groundball, 34D, EV 105.0 MPH) Kazuhiro Kiyohara to second Runner from 2nd tries for 3rd, SAFE, throw by RF made to third
|
|
Batting: RHB Phil B. Clark
|
0-0: Swinging Strike 0-1: Ball 1-1: Called Strike 1-2: Ball 2-2: Grounds into double play, 4-6-3 (Groundball, 4, EV 83.8 MPH) Kazuhiro Kiyohara scores
|
|
Batting: RHB Mike Gallego
|
0-0: Swinging Strike 0-1: Swinging Strike 0-2: Ground out 6-3 (Groundball, 6, EV 83.8 MPH)
|
| Bottom of the 4th over - 2 runs, 3 hits, 0 errors, 0 left on base; St. Louis 0 - New York 2 |
| TOP OF THE 5TH |
|
St. Louis Cardinals batting - Pitching for New York Yankees : RHP Mark Clark
|
|
Batting: RHB Royce Clayton
|
0-0: Foul Ball, location: 2F 0-1: Ball 1-1: Ball 2-1: Foul Ball, location: 2F 2-2: Foul Ball, location: 2F 2-2: Strikes out swinging
|
|
Batting: RHB Dickie Thon
|
0-0: Called Strike 0-1: Ball 1-1: Ground out 5-3 (Groundball, 56S, EV 79.4 MPH)
|
|
Batting: SHB Stan Javier
|
0-0: Foul Ball, location: 2F 0-1: Called Strike 0-2: Ball 1-2: Foul Ball, location: 2F 1-2: Ball 2-2: Ball 3-2: SINGLE (Groundball, 6MD, EV 95.0 MPH)
|
|
Batting: SHB Gerald Young
|
0-0: Called Strike 0-1: Foul Ball, location: 2F 0-2: Ball Stan Javier steals 2nd base 1-2: Ball 2-2: Ball 3-2: Ground out 6-3 (Groundball, 6, EV 109.4 MPH)
|
| Top of the 5th over - 0 runs, 1 hit, 0 errors, 1 left on base; St. Louis 0 - New York 2 |
| BOTTOM OF THE 5TH |
|
New York Yankees batting - Pitching for St. Louis Cardinals : RHP Francisco Cordova
|
|
Batting: SHB Quinton McCracken
|
0-0: Fly out, F4 (Popup, 3DF, EV 50.0 MPH)
|
|
Batting: RHB Darren Lewis
|
0-0: Ball 1-0: Called Strike 1-1: Fly out, F8 (Line Drive, 8LD, EV 88.1 MPH)
|
|
Pitching: RHP Rusty Meacham
|
|
|
Batting: RHB Orlando Cabrera
|
0-0: Foul Ball, location: 2F 0-1: Ground out 6-3 (Groundball, 6, EV 90.0 MPH)
|
| Bottom of the 5th over - 0 runs, 0 hits, 0 errors, 0 left on base; St. Louis 0 - New York 2 |
| TOP OF THE 6TH |
|
St. Louis Cardinals batting - Pitching for New York Yankees : RHP Mark Clark
|
|
Batting: SHB Jorge Posada
|
0-0: Ball 1-0: Foul Ball, location: 2F 1-1: Called Strike 1-2: Ball 2-2: Fly out, F9 (Line Drive, 9D, EV 98.1 MPH)
|
|
Batting: LHB Brian S Giles
|
0-0: Ball 1-0: Fly out, F9 (Flyball, 9, EV 94.4 MPH)
|
|
Batting: RHB Ivan Calderon
|
0-0: Ball 1-0: Foul Ball, location: 2F 1-1: Swinging Strike 1-2: Ball 2-2: Fly out, F8 (Flyball, 8RD, EV 102.5 MPH)
|
| Top of the 6th over - 0 runs, 0 hits, 0 errors, 0 left on base; St. Louis 0 - New York 2 |
| BOTTOM OF THE 6TH |
|
New York Yankees batting - Pitching for St. Louis Cardinals : RHP Rusty Meacham
|
|
Batting: LHB Bobby Abreu
|
0-0: Ball 1-0: Ball 2-0: Ball 3-0: Base on Balls
|
|
Batting: RHB Mike Lieberthal
|
0-0: Ball 1-0: Called Strike 1-1: Called Strike 1-2: Ball 2-2: Grounds into double play, 6-4-3 (Groundball, 56, EV 84.4 MPH)
|
|
Batting: RHB Kazuhiro Kiyohara
|
0-0: SINGLE (Line Drive, 9LS, EV 101.3 MPH)
|
|
Batting: RHB Travis Fryman
|
0-0: Ball 1-0: Ball 2-0: Called Strike 2-1: Ball 3-1: Base on Balls Kazuhiro Kiyohara to second
|
|
Batting: RHB Phil B. Clark
|
0-0: Foul Ball, location: 2F 0-1: Ball 1-1: Ball 2-1: SINGLE (Groundball, 6MD, EV 104.4 MPH) Kazuhiro Kiyohara to third Travis Fryman to second Runner from 3rd tries for Home, SAFE, throw by CF to home
|
|
Batting: RHB Mike Gallego
|
0-0: Called Strike 0-1: Called Strike 0-2: Ball 1-2: Foul Ball, location: 2F 1-2: Fielders Choice at 2nd, 6-4 (Groundball, 6, EV 100.6 MPH)
|
| Bottom of the 6th over - 1 run, 2 hits, 0 errors, 2 left on base; St. Louis 0 - New York 3 |
| TOP OF THE 7TH |
|
St. Louis Cardinals batting - Pitching for New York Yankees : RHP Mark Clark
|
|
Batting: LHB Karim Garcia
|
0-0: Ball 1-0: Swinging Strike 1-1: Ball 2-1: Ball 3-1: Base on Balls
|
|
Batting: RHB John Valentin
|
0-0: Ball 1-0: Bunt missed! 1-1: Ball 2-1: Sac Bunt to 15 - play at first, batter OUT! 1-4 Karim Garcia to second
|
|
Batting: RHB Royce Clayton
|
0-0: Called Strike 0-1: Ball 1-1: Ball 2-1: Called Strike 2-2: Strikes out looking
|
|
Pitching: LHP Doug Simons
|
|
|
Batting: RHB Dickie Thon
|
0-0: Fly out, F8 (Flyball, 8RM, EV 93.8 MPH)
|
| Top of the 7th over - 0 runs, 0 hits, 0 errors, 1 left on base; St. Louis 0 - New York 3 |
| BOTTOM OF THE 7TH |
|
New York Yankees batting - Pitching for St. Louis Cardinals : RHP Rusty Meacham
|
|
Batting: SHB Quinton McCracken
|
0-0: Fly out, F8 (Flyball, 8RXD, EV 86.9 MPH)
|
|
Batting: RHB Darren Lewis
|
0-0: Ball 1-0: Called Strike 1-1: Ground out 6-3 (Groundball, 56, EV 77.5 MPH)
|
|
Batting: RHB Orlando Cabrera
|
0-0: Ground out 4-3 (Groundball, 4MD, EV 88.1 MPH)
|
| Bottom of the 7th over - 0 runs, 0 hits, 0 errors, 0 left on base; St. Louis 0 - New York 3 |
| TOP OF THE 8TH |
|
St. Louis Cardinals batting - Pitching for New York Yankees : LHP Doug Simons
|
|
Batting: SHB Stan Javier
|
0-0: Ball 1-0: Ball 2-0: Foul Ball, location: 2F 2-1: Swinging Strike 2-2: Strikes out swinging
|
|
Batting: SHB Gerald Young
|
0-0: Ball 1-0: Foul Ball, location: 2F 1-1: Ball 2-1: SINGLE (Line Drive, 6M, EV 95.0 MPH)
|
|
Batting: SHB Jorge Posada
|
0-0: Ball Wild Pitch! Gerald Young to second 1-0: Ball 2-0: Fly out, F7 (Flyball, 7LDF, EV 111.3 MPH)
|
|
Batting: LHB Brian S Giles
|
0-0: Ground out 1-3 (Groundball, 34S, EV 66.3 MPH)
|
| Top of the 8th over - 0 runs, 1 hit, 0 errors, 1 left on base; St. Louis 0 - New York 3 |
| BOTTOM OF THE 8TH |
|
New York Yankees batting - Pitching for St. Louis Cardinals : RHP Rusty Meacham
|
|
Batting: LHB Bobby Abreu
|
0-0: Swinging Strike 0-1: Called Strike 0-2: Fly out, F7 (Flyball, 7S, EV 83.1 MPH)
|
|
Batting: RHB Mike Lieberthal
|
0-0: Ball 1-0: Foul Ball, location: 2F 1-1: Ground out 6-3 (Groundball, 6D, EV 83.8 MPH)
|
|
Pitching: LHP Randy Myers
|
|
|
Batting: RHB Kazuhiro Kiyohara
|
0-0: Ball 1-0: Ball 2-0: Swinging Strike 2-1: Swinging Strike 2-2: Foul Ball, location: 2F 2-2: Ball 3-2: Ground out 4-3 (Groundball, 4, EV 83.8 MPH)
|
| Bottom of the 8th over - 0 runs, 0 hits, 0 errors, 0 left on base; St. Louis 0 - New York 3 |
| TOP OF THE 9TH |
|
St. Louis Cardinals batting - Pitching for New York Yankees : LHP Doug Simons
|
|
Batting: RHB Ivan Calderon
|
0-0: Ball 1-0: Ball 2-0: Ball 3-0: Called Strike 3-1: Swinging Strike 3-2: Fly out, F9 (Flyball, 9D, EV 83.8 MPH)
|
|
Batting: LHB Karim Garcia
|
0-0: Foul Ball, location: 2F 0-1: Ground out 6-3 (Groundball, 6, EV 85.6 MPH)
|
|
Batting: RHB John Valentin
|
0-0: Ball 1-0: Called Strike 1-1: Foul Ball, location: 2F 1-2: Ball 2-2: Ground out 6-3 (Groundball, 6S, EV 80.6 MPH)
|
| Top of the 9th over - 0 runs, 0 hits, 0 errors, 0 left on base; St. Louis 0 - New York 3 |
|